 Dungeon Crawl Stone Soup version 0.29.1-15-g9cfb28693d (webtiles) character file.

Game seed: 514515414602164336

99022 HOAXBANE2 the Spry (level 15, -21/79 HPs)
             Began as a Spriggan Artificer on Mar 28, 2023.
             Was the Champion of Nemelex Xobeh.
             Demolished by Mlioglotl (27 damage)
             ... on level 2 of the Shoals on Mar 29, 2023.
             The game lasted 05:32:46 (42185 turns).

HOAXBANE2 the Spry (Spriggan Artificer)            Turns: 42185, Time: 05:32:47

Health: -21/79     AC:  7    Str:  8    XL:     15   Next: 76%
Magic:  34/34      EV: 27    Int: 20    God:    Nemelex Xobeh [******]
Gold:   2725       SH:  5    Dex: 16    Spells: 28/42 levels left

rFire   . . .      SeeInvis +   r - staff of poison
rCold   + . .      Faith    .   (shield currently unavailable)
rNeg    + . .      Spirit   .   J - +2 robe {rC+}
rPois   +          Reflect  +   (helmet restricted)
rElec   .          Harm     .   G - +2 cloak
rCorr   .          Rampage  .   (gloves unavailable)
Will    ++...                   (boots unavailable)
Stlth   ++++......              j - amulet of reflection
HPRegen 0.23/turn               U - ring of positive energy
MPRegen 0.24/turn               W - ring of flight

@: flying, very quick
A: very small, no large weapons, unfitting armour, see invisible, speed 3,
mutation resistance 1, robust 1, screaming 1
a: Renounce Religion, Draw Escape, Draw Destruction, Draw Summoning, Draw Stack,
Triple Draw, Deal Four, Stack Five


You were on level 2 of the Shoals.
You worshipped Nemelex Xobeh.
Nemelex Xobeh was exalted by your worship.
You visited 4 branches of the dungeon, and saw 21 of its levels.
You also visited: Sewer, Bailey, Gauntlet and Volcano.

You collected 3765 gold pieces.
You spent 1040 gold pieces at shops.

Inventory:

Hand Weapons
 p - the +10 long sword of Immorality {vamp, rElec rC+ Will+ Int-4}
   (You found it on level 2 of the Shoals)

   It occasionally heals its wielder for a portion of the damage dealt when it
   wounds a living foe.
   Int:       It affects your intelligence (-4).
   rC:        It protects you from cold.
   rElec:     It insulates you from electricity.
   Will:      It increases your willpower.
 v - a +4 short sword of holy wrath
 M - the +6 quarterstaff "Pendulum" {elec, Int+3}
   (You found it on level 11 of the Dungeon)

   It occasionally discharges a powerful burst of electricity upon striking a
   foe.
   Int:       It affects your intelligence (+3).
Missiles
 H - 3 throwing nets (quivered)
 V - 2 datura-tipped darts
 Z - 2 curare-tipped darts
Armour
 b - a +2 robe of willpower
 G - a +2 cloak (worn)
 J - a +2 robe of cold resistance (worn)
 L - a +2 robe of positive energy
 O - a +0 robe of fire resistance
 S - the +4 robe "Regatigh" {Will+ rCorr}
   (You bought it in a shop on level 2 of the Orcish Mines)

   rCorr:     It protects you from acid and corrosion.
   Will:      It increases your willpower.
Magical Staves
 n - a staff of cold
 q - a staff of fire
 r - a staff of poison (weapon)
Jewellery
 j - an amulet of reflection (around neck)
 E - a ring of poison resistance
 I - a ring of ice
 U - a ring of positive energy (left hand)
 W - a ring of flight (right hand)
Wands
 c - a wand of flame (17)
 d - a wand of charming (25)
 e - a wand of iceblast (1)
 s - a wand of roots (19)
 y - a wand of polymorph (20)
 K - a wand of digging (5)
Scrolls
 f - 4 scrolls of blinking
 h - 3 scrolls of amnesia
 i - 15 scrolls of teleportation
 u - 4 scrolls of fog
 w - a scroll of summoning
 x - 4 scrolls of poison
 B - 3 scrolls of fear
 P - 3 scrolls of identify
 T - a scroll of magic mapping
Potions
 a - 5 potions of curing
 g - 2 potions of attraction
 k - 7 potions of haste
 l - 3 potions of might
 m - 4 potions of brilliance
 o - 2 potions of cancellation
 t - 4 potions of lignification
 z - 3 potions of resistance
 A - 3 potions of heal wounds
 C - a potion of ambrosia
 F - 2 potions of mutation
 N - 2 potions of magic
 R - a potion of invisibility
Miscellaneous
 D - a lightning rod (1/4)
 Q - a phial of floods (inert)
 Y - a tin of tremorstones (2/2)


   Skills:
 - Level 5.0 Fighting
 + Level 15.3 Dodging
 - Level 8.0 Stealth
 - Level 14.0 Spellcasting
 - Level 3.0 Conjurations
 - Level 4.0 Translocations
 - Level 6.0 Transmutations
 - Level 3.0 Fire Magic
 - Level 5.0 Air Magic
 - Level 10.0 Poison Magic
 - Level 14.0 Invocations
 - Level 15.0 Evocations


You had 28 spell levels left.
You knew the following spells:

 Your Spells              Type           Power      Damage    Failure   Level
a - Sting                 Tmut/Pois      100%       1d8       1%          1
b - Poisonous Vapours     Pois/Air       100%       N/A       1%          2
c - Blink                 Tloc           60%        N/A       1%          2
d - Ignite Poison         Fire/Tmut/Pois 56%        N/A       1%          3
e - Olgreb's Toxic Radia  Pois           69%        N/A       1%          4
f - Shock                 Conj/Air       100%       1d9       1%          1
g - Foxfire               Conj/Fire      100%       2x1d9     1%          1

Your spell library contained the following spells:

 Spells                   Type           Power      Damage    Failure   Level
 Apportation              Tloc           60%        N/A       1%          1
 Swiftness                Air            34%        N/A       1%          3
 Lesser Beckoning         Tloc           30%        N/A       2%          3
 Necrotise                Necr           56%        1d6       4%          1
 Summon Small Mammal      Summ           56%        N/A       4%          1
 Conjure Flame            Conj/Fire      26%        6-21      4%          3
 Portal Projectile        Hex/Tloc       44%        N/A       6%          3
 Airstrike                Air            17%        2d(3-19)  6%          4
 Corpse Rot               Necr/Pois/Air  50%        N/A       6%          4
 Dazzling Flash           Conj/Hex       40%        N/A       8%          3
 Inner Flame              Hex/Fire       20%        N/A       8%          3
 Passage of Golubria      Tloc           30%        N/A       9%          4
 Blade Hands              Tmut           19%        N/A       11%         5
 Flame Wave               Conj/Fire      26%        2d8       13%         4
 Sticky Flame             Conj/Fire      26%        2d5       13%         4
 Call Canine Familiar     Summ           14%        N/A       14%         3
 Confusing Touch          Hex            14%        N/A       14%         3
 Irradiate                Conj/Tmut      16%        3d17      21%         5
 Manifold Assault         Tloc           30%        N/A       24%         5
 Yara's Violent Unravell  Hex/Tmut       13%        3d7       36%         5
 Dispel Undead            Necr           14%        3d10      41%         4
 Leda's Liquefaction      Hex/Erth       7%         N/A       41%         4
 Silence                  Hex/Air        12%        N/A       41%         5
 Summon Forest            Summ/Tloc      11%        N/A       50%         5
 Agony                    Necr           14%        N/A       77%         5
 Summon Mana Viper        Hex/Summ       14%        N/A       77%         5
 Dragon Form              Tmut           19%        N/A       97%         7
 Death Channel            Necr           7%         N/A       100%        6
 Summon Cactus Giant      Summ           7%         N/A       100%        6
 Enfeeble                 Hex            7%         N/A       100%        7
 Lehudib's Crystal Spear  Conj/Erth      10%        10d4      100%        8


Dungeon Overview and Level Annotations

Branches:
Dungeon (12/15)            Temple (0/1) D:6            Lair (5/5) D:10
 Shoals (2/4) Lair:3       Spider (0/4) Lair:3        Slime (0/5) Lair:4
    Orc (2/2) D:10            Elf (0/3) Orc:2         Sewer (visited)
 Bailey (visited)         Volcano (visited)         Gauntlet (visited)

Altars:
Cheibriados
Dithmenos
Fedhas
Gozag
Hepliaklqana
Nemelex Xobeh
Uskayaw
Zin
Jiyva

Shops:
D:3 :   D:11 =   Orc:2 (*[!

Portals:
Trove: D:11 (give +3 storm dragon scales)

Annotations:
Shoals:2 Mlioglotl


Innate Abilities, Weirdness & Mutations

You are very small and have problems with some larger weapons.
You are too small for most types of armour.
You have supernaturally acute eyesight. (SInv)
You cover ground extremely quickly. (Speed+++)
You are somewhat resistant to further mutation.
You are robust. (+10% HP)
You occasionally shout uncontrollably at your foes.


Message History

You hear a shout! x2
A starcursed mass splits.
Mlioglotl churns violently!
Mlioglotl seems to grow stronger.
A starcursed mass splits. x2
Unknown command.
Aiming: Thunderbolt
Press: ? - help, Shift-Dir - straight line, f/p - Mlioglotl
Aim: Mlioglotl (almost dead, strong)
The thunderbolt hits the starcursed mass!
The starcursed mass is lightly damaged.
The thunderbolt hits Mlioglotl.
Mlioglotl resists.
Mlioglotl is almost dead.
The starcursed mass shudders and is absorbed by its neighbour.
A starcursed mass splits.
A cacophony of accursed wailing tears at your sanity!
You suddenly lose the ability to move!
A starcursed mass splits.
The starcursed mass barely misses you. Mlioglotl hits you.
Mlioglotl tramples you!!
You are shoved backwards!
A merfolk comes into view. It is wielding a +0 trident.
Mlioglotl hits you!
* * * LOW HITPOINT WARNING * * *
Mlioglotl tramples you!
* * * LOW HITPOINT WARNING * * *
You are shoved backwards!
A starcursed mass splits. x2
You can move again.
Aiming: Iceblast
Press: ? - help, Shift-Dir - straight line, p - Mlioglotl The mass of ice explodes!
The iceblast engulfs Mlioglotl!
Mlioglotl partially resists.
Mlioglotl is almost dead.
The iceblast engulfs the starcursed mass!
The starcursed mass is moderately damaged.
The iceblast engulfs the starcursed mass!!
You destroy the starcursed mass!
The starcursed mass disappears in a puff of smoke!
The starcursed mass shudders and is absorbed by its neighbour.
You hear a shout!
Mlioglotl closely misses you. Mlioglotl tramples you!!
You die...
Your body disappears without a glow.

≈≈≈≈~~~~~..~~~~~~~~.###~P~~~P~~
≈≈≈≈~~~...~~~~~~~~~~.##.~~~~~~~
≈≈≈≈~~~~..~~~~~.~~~~.##.P~P~~~~
≈≈≈≈≈~~~~~~~~.#.~~~~.....P~P~~~
≈≈~~~~~~~~~~..##~~~~~.###.~~~~~
≈≈~~~~~~~~~~..#..~~~~.###.~~P~≈
.~~~~~~~...~.##..~~~~...#.P~≈≈≈
.~~~~~..#.~.##.~~~~~~~HP~~≈≈≈≈
~~~≈~~~......@~~~~~~~~~~~~~≈≈≈
~~~≈~~~~~....X~~~~~~~~~~~~~≈≈≈
~~~~~~~~~~~...~~≈~~~~~~~~≈≈≈≈≈
~~~~~~~~~~~~~§§≈≈≈≈~~≈≈≈H≈≈≈≈
~~~~~~~~~~~~~~X≈≈≈m~~≈≈≈≈≈≈≈≈
~~~~~~~~~~~~XXXX≈≈~~≈≈≈≈≈≈≈≈H
≈≈~~~~~~~~~~XX~X≈≈≈~≈≈≈≈≈≈≈HH
≈≈~~~~~~~~~.WX~≈≈≈≈≈≈
≈≈~~~~~~~~.~..~~~~~~≈


You could see 9 starcursed masses, Mlioglotl (strong), a merfolk and a freezing
wraith (summoned).

Vanquished Creatures
  An orc warlord (Bailey)
  The ghost of Puloicum the Cloud Mage, an adept TeAE of Sif Muna (Shoals:2)
  A dire elephant (Lair:5)
  2 entropy weavers (D:11)
  Snorg (D:11)
  2 minotaurs
  A fire dragon (Lair:5)
  A merfolk javelineer (Shoals:1)
  Josephine (Lair:3)
  Fannar (D:10)
  4 hydras
  Harold (D:11)
  Erica (Orc:1)
  4 ghost crabs (D:11)
  A centaur warrior (Shoals:1)
  6 two-headed ogres
  2 merfolk avatars (Shoals:1)
  A catoblepas (Lair:5)
  A merfolk aquamancer (Shoals:2)
  A tengu warrior (Lair:3)
  3 death yaks (Lair:5)
  6 orc high priests (Orc:2)
  Urug (Lair:4)
  Amaemon (Lair:2)
  A sun demon (Volcano)
  2 sea snakes
  6 fire crabs
  7 orc knights
  3 lindwurms
  7 harpies
  8 manticores
  3 orc sorcerers
  2 ugly things
  An apocalypse crab (D:11)
  A black mamba (Lair:5)
  3 merfolk sirens (Shoals:1)
  Maurice (Orc:1)
  A molten gargoyle (Volcano)
  An orange demon (Lair:2)
  2 water nymphs
  The ghost of engelados the Thaumaturge, a novice DECj (D:5)
  11 elephants
  7 cane toads
  A torpor snail (Lair:5)
  An eye of devastation (Lair:4)
  Psyche (D:11)
  12 komodo dragons
  7 rime drakes
  A red devil (Volcano)
  5 trolls
  A tengu conjurer (Shoals:1)
  2 polar bears
  10 merfolk
  A tarantella (Orc:2)
  A tyrant leech (Gauntlet)
  2 wind drakes
  7 dream sheep (Lair:5)
  32 blink frogs
  5 snapping turtles
  2 jumping spiders (Lair:3)
  A shadow (D:10)
  7 water elementals
  9 yaks (Lair:5)
  5 wraiths
  4 wyverns
  5 fire bats
  4 basilisks
  A redback (Lair:3)
  2 steam dragons
  5 wargs
  A swamp worm (Gauntlet)
  17 water moccasins
  2 acid dragons (Lair:5)
  A floating eye (Lair:4)
  2 hell hounds (Volcano)
  An ice beast (D:7)
  51 orc warriors
  3 black bears
  3 sky beasts
  6 wolves
  17 ogres
  3 centaurs (D:10)
  A phantom (D:5)
  7 kobold brigands
  14 bullfrogs
  2 necrophages
  2 scorpions
  8 wights
  4 killer bees (D:10)
  3 howler monkeys
  8 lava snakes (Volcano)
  3 gnoll boudas
  4 hounds
  29 orc priests
  8 iguanas
  18 orc wizards
  12 gnolls
  14 adders
  A shadow imp (D:6)
  A white imp (D:4)
  An ufetubus (D:6)
  A worm (D:3)
  4 dart slugs
  100 orcs
  3 bats
  15 endoplasms
  17 giant cockroaches
  6 goblins
  11 hobgoblins
  34 kobolds
  18 quokkas
  13 ball pythons
  13 frilled lizards
  5 rats
734 creatures vanquished.

Vanquished Creatures (collateral kills)
  Erolcha (D:10)
  A swamp dragon (Lair:5)
  An obsidian statue (D:10)
  3 harpies
  An orc knight (D:10)
  A mana viper (Orc:2)
  A faun (Shoals:1)
  A molten gargoyle (Volcano)
  A guardian mummy (D:11)
  A wandering mushroom (Gauntlet)
  2 swamp worms (Gauntlet)
  2 acid dragons (Gauntlet)
  An orc priest (D:10)
  An adder (Orc:2)
  A rat (Orc:2)
19 creatures vanquished.

Vanquished Creatures (others)
  An iguana (D:3)
  18 foxfires
  26 fungi
  139 plants
184 creatures vanquished.

Grand Total: 937 creatures vanquished

Notes
Turn   | Place    | Note
-------+----------+-------------------------------------------
     0 | D:1      | HOAXBANE2 the Spriggan Artificer began the quest for the
                  | Orb.
     0 | D:1      | Reached XP level 1. HP: 9/9 MP: 2/2
   703 | D:1      | Reached skill level 1 in Fighting
   707 | D:1      | Reached XP level 2. HP: 14/14 MP: 3/3
  1820 | D:2      | You fall into a shaft and drop 1 floor!
  2003 | D:3      | Found a snail-covered altar of Cheibriados.
  2078 | D:3      | Reached XP level 3. HP: 18/18 MP: 4/4
  2130 | D:3      | Reached skill level 1 in Spellcasting
  2130 | D:3      | Reached skill level 5 in Evocations
  2132 | D:3      | Learned a level 1 spell: Sting
  2191 | D:3      | Reached skill level 1 in Poison Magic
  2191 | D:3      | Reached XP level 4. HP: 19/22 MP: 1/8
  2888 | D:2      | Found a faded altar of an unknown god.
  3506 | D:3      | Found Daxzoceu's Book Boutique.
  3900 | D:4      | Noticed an ogre
  3938 | D:4      | Reached XP level 5. HP: 25/25 MP: 6/10
  4090 | D:4      | Learned a level 2 spell: Poisonous Vapours
  4134 | D:4      | Found a glowing drain.
  4161 | Sewer    | Entered a sewer
  5376 | Sewer    | Reached XP level 6. HP: 28/30 MP: 9/13
  5429 | Sewer    | Reached skill level 1 in Air Magic
  5437 | Sewer    | Reached skill level 5 in Spellcasting
  6165 | D:4      | Reached skill level 1 in Transmutations
  6165 | D:4      | Reached XP level 7. HP: 33/33 MP: 7/15
  6287 | D:4      | Found an opulent altar of Gozag.
  6710 | D:4      | Found a sparkling altar of Nemelex Xobeh.
  6713 | D:4      | Found a blossoming altar of Fedhas.
  6737 | D:5      | Entered Level 5 of the Dungeon
  6800 | D:4      | Found a shadowy altar of Dithmenos.
  6800 | D:4      | Found a hazy altar of Hepliaklqana.
  6804 | D:4      | Found a glowing silver altar of Zin.
  6819 | D:4      | Became a worshipper of Nemelex Xobeh the Trickster
  7305 | D:5      | Learned a level 2 spell: Blink
  7364 | D:5      | Reached skill level 1 in Translocations
  7794 | D:5      | Found a runed translucent door.
  7795 | D:5      | Noticed engelados's ghost (novice DECj)
  8374 | D:5      | Killed engelados's ghost
  8375 | D:5      | Reached XP level 8. HP: 14/37 MP: 17/21
  9867 | D:5      | Reached skill level 10 in Spellcasting
 10526 | D:6      | Found a staircase to the Ecumenical Temple.
 10564 | D:6      | Reached * piety under Nemelex Xobeh
 10747 | D:6      | Reached skill level 5 in Poison Magic
 10747 | D:6      | Reached XP level 9. HP: 41/41 MP: 22/24
 10751 | D:6      | Learned a level 3 spell: Ignite Poison
 10885 | D:6      | Received a gift from Nemelex Xobeh
 11235 | D:7      | Found a flagged portal.
 11246 | Bailey   | Entered a bailey
 11374 | Bailey   | Noticed an orc warlord
 11453 | Bailey   | Found a runed translucent gate.
 11455 | Bailey   | Found a runed translucent gate.
 11482 | Bailey   | Found a runed translucent gate.
 11523 | Bailey   | Reached skill level 5 in Transmutations
 11839 | Bailey   | Killed an orc warlord
 11876 | Bailey   | Learned a level 4 spell: Olgreb's Toxic Radiance
 11891 | Bailey   | Acquired 1061 gold pieces
 12549 | D:7      | Reached XP level 10. HP: 41/45 MP: 10/25
 13465 | D:8      | Reached ** piety under Nemelex Xobeh
 13465 | D:8      | Received a gift from Nemelex Xobeh
 13578 | D:8      | Found a hide-covered altar of Uskayaw.
 13583 | D:8      | Reached skill level 10 in Poison Magic
 13620 | D:8      | Reached skill level 5 in Dodging
 14318 | D:9      | Noticed a two-headed ogre
 14326 | D:9      | Killed a two-headed ogre
 14327 | D:9      | Reached skill level 5 in Stealth
 14656 | D:9      | Received a gift from Nemelex Xobeh
 14902 | D:9      | Reached *** piety under Nemelex Xobeh
 15439 | D:10     | Entered Level 10 of the Dungeon
 15439 | D:10     | Found a staircase to the Lair.
 15439 | D:10     | Noticed a two-headed ogre
 15443 | D:10     | Killed a two-headed ogre
 15706 | D:10     | Noticed an obsidian statue
 15707 | D:10     | Noticed a smoke demon
 16024 | D:10     | Noticed a rust devil
 16024 | D:10     | Killed an obsidian statue
 16025 | D:10     | Reached XP level 11. HP: 49/49 MP: 26/26
 16239 | D:10     | Found a staircase to the Orcish Mines.
 16383 | D:10     | Reached skill level 10 in Evocations
 16503 | D:10     | Noticed Fannar
 16559 | D:10     | Killed Fannar
 16698 | D:11     | Noticed Psyche
 16698 | D:11     | Received a gift from Nemelex Xobeh
 16705 | D:11     | Killed Psyche
 16760 | D:11     | Noticed Snorg
 16764 | D:11     | Killed Snorg
 16891 | D:11     | Noticed an eight-headed hydra
 16906 | D:11     | Killed an eight-headed hydra
 16907 | D:11     | Reached skill level 5 in Fighting
 16943 | D:11     | Noticed a two-headed ogre
 16948 | D:11     | Killed a two-headed ogre
 17008 | D:11     | Noticed Harold
 17013 | D:11     | Killed Harold
 17090 | D:11     | Noticed a two-headed ogre
 17111 | D:11     | Killed a two-headed ogre
 17112 | D:11     | Reached skill level 10 in Dodging
 17161 | D:11     | Noticed a four-headed hydra
 17163 | D:11     | Found Kuruah's Jewellery Shop.
 17212 | D:11     | Killed a four-headed hydra
 17546 | D:11     | Identified the -2 quarterstaff "Avaosar" {drain, Fragile
                  | Str+4 Int+4 Stlth+}
 17860 | D:11     | Found a portal to a secret trove of treasure.
 17862 | D:11     | Identified the -1 quarterstaff of Nogim {freeze, rPois}
 18102 | D:11     | Found a runed translucent door.
 18105 | D:11     | Noticed a fire crab
 18118 | D:11     | Killed a fire crab
 18297 | D:11     | Noticed a fire crab
 18311 | D:11     | Killed a fire crab
 18312 | D:11     | Reached XP level 12. HP: 60/60 MP: 22/27
 18893 | D:11     | Noticed an entropy weaver
 18901 | D:11     | Killed an entropy weaver
 18939 | D:11     | Noticed a ghost crab
 19240 | D:11     | Noticed a ghost crab
 19240 | D:11     | Noticed an entropy weaver
 19248 | D:11     | Noticed a ghost crab
 19248 | D:11     | Noticed a ghost crab
 19252 | D:11     | Reached **** piety under Nemelex Xobeh
 19733 | D:3      | Bought a book of Air for 308 gold pieces
 19735 | D:3      | Learned a level 1 spell: Shock
 19876 | D:10     | Learned a level 3 spell: Swiftness
 19949 | Lair:1   | Entered Level 1 of the Lair of Beasts
 19965 | Lair:1   | Learned a level 1 spell: Foxfire
 20068 | Lair:1   | Received a gift from Nemelex Xobeh
 20293 | Lair:1   | Reached skill level 1 in Conjurations
 20424 | Lair:1   | Found a dark tunnel.
 20433 | Volcano  | Entered a volcano
 20689 | Volcano  | Received a gift from Nemelex Xobeh
 21430 | Volcano  | Found a radiant altar of Vehumet.
 22075 | Lair:1   | Reached skill level 5 in Air Magic
 22402 | Lair:1   | Noticed a five-headed hydra
 22451 | Lair:1   | Killed a five-headed hydra
 23261 | Lair:2   | Noticed Amaemon
 23271 | Lair:2   | Killed Amaemon
 23272 | Lair:2   | Reached XP level 13. HP: 63/63 MP: 10/30
 23725 | Lair:2   | Reached ***** piety under Nemelex Xobeh
 23954 | Lair:2   | Received a gift from Nemelex Xobeh
 24324 | Lair:2   | Gained mutation: You are partially covered in iridescent
                  | scales. (AC +2) [potion of mutation]
 24324 | Lair:2   | Gained mutation: You have large cloven feet. [potion of
                  | mutation]
 24597 | Lair:3   | Received a gift from Nemelex Xobeh
 24734 | Lair:3   | Found a hole to the Spider Nest.
 24741 | Lair:3   | Noticed Josephine
 24753 | Lair:3   | Killed Josephine
 25422 | Lair:3   | Reached skill level 15 in Evocations
 25488 | Lair:3   | Found a staircase to the Shoals.
 26187 | Lair:4   | Reached skill level 1 in Invocations
 26282 | Lair:4   | Received a gift from Nemelex Xobeh
 26439 | Lair:4   | Found a viscous altar of Jiyva.
 26439 | Lair:4   | Found a staircase to the Slime Pits.
 26745 | Lair:4   | Noticed Urug
 26750 | Lair:4   | Killed Urug
 27232 | Lair:4   | Reached skill level 5 in Invocations
 27728 | Lair:5   | Entered Level 5 of the Lair of Beasts
 27802 | Lair:5   | Found a gate leading to a gauntlet.
 27811 | Gauntlet | Entered a Gauntlet
 27811 | Gauntlet | Found a runed translucent gate.
 27811 | Gauntlet | Found a transporter.
 27811 | Gauntlet | Found a runed translucent gate.
 27811 | Gauntlet | Found a runed translucent gate.
 27811 | Gauntlet | Found a transporter.
 27813 | Gauntlet | Found a transporter.
 27813 | Gauntlet | Found a transporter.
 27819 | Gauntlet | Found a transporter.
 27819 | Gauntlet | Found a transporter.
 27852 | Gauntlet | Found a transporter.
 27855 | Gauntlet | Found a transporter.
 27863 | Gauntlet | Found a transporter.
 27930 | Gauntlet | Found a transporter.
 27934 | Gauntlet | Found a transporter.
 27945 | Gauntlet | Found a transporter.
 28293 | Gauntlet | Identified the +0 pair of boots of Sonoyck {rCorr MP+9
                  | Str-4}
 28317 | Gauntlet | Noticed a minotaur
 28324 | Gauntlet | Killed a minotaur
 28582 | Lair:5   | Received a gift from Nemelex Xobeh
 28602 | Lair:5   | Reached XP level 14. HP: 68/68 MP: 20/31
 29551 | Lair:5   | Reached skill level 10 in Invocations
 29751 | Lair:5   | Reached ****** piety under Nemelex Xobeh
 29975 | Lair:5   | Received a gift from Nemelex Xobeh
 31674 | D:11     | Identified the +6 quarterstaff "Pendulum" {elec, Int+3}
 31867 | Orc:1    | Entered Level 1 of the Orcish Mines
 31867 | Orc:1    | Noticed Erolcha
 31991 | D:10     | Killed Erolcha
 32447 | Orc:1    | Noticed Erica
 32448 | Orc:1    | Noticed Maurice
 32452 | Orc:1    | Killed Maurice
 32452 | Orc:1    | Killed Erica
 33471 | Orc:2    | Entered Level 2 of the Orcish Mines
 33671 | Orc:2    | Received a gift from Nemelex Xobeh
 35189 | Orc:2    | Found a staircase to the Elven Halls.
 35366 | Orc:2    | Reached XP level 15. HP: 59/72 MP: 19/32
 35462 | Orc:2    | Noticed an orc warlord
 35470 | Orc:2    | an orc warlord changed into a minotaur
 35625 | Orc:2    | Reached skill level 1 in Fire Magic
 35794 | Orc:2    | Found Ifiti's Antique Weapon Emporium.
 36035 | Orc:2    | Found Irets's General Store.
 36075 | Orc:2    | Bought a potion of invisibility for 136 gold pieces
 36075 | Orc:2    | Bought a scroll of teleportation for 51 gold pieces
 36702 | Orc:2    | Found Dimyshre's Distillery.
 36706 | Orc:2    | Bought a potion of heal wounds for 60 gold pieces
 36706 | Orc:2    | Bought a potion of mutation for 96 gold pieces
 36706 | Orc:2    | Lost mutation: You are partially covered in iridescent
                  | scales. (AC +2) [potion of mutation]
 36706 | Orc:2    | Lost mutation: You have large cloven feet. [potion of
                  | mutation]
 36706 | Orc:2    | Gained mutation: You occasionally shout uncontrollably at
                  | your foes. [potion of mutation]
 36706 | Orc:2    | Gained mutation: You are robust. (+10% HP) [potion of
                  | mutation]
 36706 | Orc:2    | Gained mutation: You are somewhat resistant to further
                  | mutation. [potion of mutation]
 36757 | Orc:2    | Found Taipuiri's Armour Shoppe.
 36781 | Orc:2    | Bought the +4 robe "Regatigh" {Will+ rCorr} for 389 gold
                  | pieces
 37287 | Shoals:1 | Entered Level 1 of the Shoals
 37287 | Shoals:1 | Received a gift from Nemelex Xobeh
 39370 | Shoals:1 | Received a gift from Nemelex Xobeh
 39743 | Shoals:2 | Received a gift from Nemelex Xobeh
 40279 | Shoals:2 | Identified the +10 long sword of Immorality {vamp, rElec
                  | rC+ Will+ Int-4}
 40744 | Shoals:2 | Found a runed translucent door.
 40744 | Shoals:2 | Noticed Puloicum's ghost (adept TeAE)
 41180 | Shoals:2 | Killed Puloicum's ghost
 41607 | Shoals:1 | Reached skill level 15 in Dodging
 42175 | Shoals:2 | Noticed Mlioglotl
 42183 | Shoals:2 | Paralysed by accursed screaming for 2 turns
 42185 | Shoals:2 | Demolished by Mlioglotl

Illustrated notes

Levels and vault maps discovered:
D:1:      dpeg_arrival_rooms_b, layout_loops_ring, serial_forest,
          infiniplex_forest_side_room, infiniplex_forest_diagonal,
          infiniplex_forest_clump_tiny, infiniplex_forest_clump_cross,
          infiniplex_forest_clump_large, infiniplex_forest_straight_2,
          infiniplex_forest_end_3, infiniplex_forest_lined_3,
          infiniplex_forest_clump_tiny, minmay_misc_feat_columns
D:2:      layout_basic, shapermc_ecumenical_altar_pompeii
D:3:      layout_loops_ring, cheibriados_altar_1, serial_shops,
          nicolae_shop_crystal
D:4:      layout_rooms, lemuel_round_altar, nicolae_overflow_hidden_temple,
          gup_sewer_entry_pipe, moated_statue, grunt_ministairs_4,
          minmay_crystal_room, kennysheep_generic_room_14
D:5:      kennysheep_kobold_camp, layout_basic, ebering_ghost_reflecting_pool
D:6:      layout_basic, minmay_temple_entry_ruins
D:7:      layout_loops_ring, enter_bailey_2, grunt_tough_drop
D:8:      layout_gridville, lemuel_round_altar
D:9:      layout_irregular_city, serial_column_ruins, column_ruins_columns_T,
          column_ruins_open_tiny, column_ruins_open_small,
          column_ruins_columns_straight, column_ruins_corridor_straight,
          column_ruins_grid_1, column_ruins_open_small
D:10:     layout_rooms, lair_entry_dummy,
          kennysheep_orc_monster_closet_entryway, minivault_16,
          kennysheep_generic_room_11, uniq_fannar
D:11:     gammafunk_mikee_crab_dinner, layout_basic,
          nicolae_trove_entry_path_of_doom, serial_shops,
          nicolae_take_the_stairs, uniq_snorg, uniq_harold, uniq_psyche
D:12:     layout_roguey, uniq_nergalle
Lair:1:   layout_cellular_growth, nicolae_volcano_entry_vermiform,
          serial_bayou_shore_a
Lair:2:   layout_gridlike, grunt_megastairs_2, uniq_amaemon
Lair:3:   layout_regular_city, elwin_shoals_entry_rooms, spider_nest_entry_a,
          uniq_josephine
Lair:4:   layout_cave_pods, minmay_slime_entry_eyes, serial_rivers,
          chequers_serial_rivers_large_b, chequers_serial_rivers_room_b,
          chequers_serial_rivers_micro_a, chequers_serial_rivers_micro_a,
          chequers_serial_rivers_large_a, chequers_serial_rivers_micro_c,
          uniq_urug
Lair:5:   guppyfry_lair_end_dragon, layout_long_grid, hangedman_lair_in_review,
          gauntlet_entry_generic, columned_hall_lemuel,
          nicolae_quartered_pool_super
Shoals:1: layout_shoals, kb_tengu_band
Shoals:2: layout_shoals, gammafunk_ghost_grave, serial_shops,
          nicolae_shop_hallway_stairs, regret_index_shoals_crete,
          uniq_polyphemus, uniq_mlioglotl
Orc:1:    layout_diamond_mine, basic_altar, mines1_david, uniq_erica,
          uniq_maurice, uniq_erolcha
Orc:2:    pubby_orc_utopia

Skill      XL: |  1  2  3  4  5  6  7  8  9 10 11 12 13 14 15 |
---------------+----------------------------------------------+-----
Fighting       | 1 5 |  5.0
Stealth        | 2 8 |  8.0
Dodging        | 4 8 11 13 15 | 15.3
Spellcasting   | 2 3 4 5 8 10 12 14 | 14.0
Evocations     | 5 8 10 12 15 | 15.0
Poison Magic   | 1 2 3 5 9 10 | 10.0
Air Magic      | 3 5 |  5.0
Transmutations | 1 3 5 6 |  6.0
Translocations | 4 |  4.0
Conjurations   | 3 |  3.0
Invocations    | 8 13 14 | 14.0
Fire Magic     | 3 |  3.0

Action                   |  1- 3 |  4- 6 |  7- 9 | 10-12 | 13-15 || total
-------------------------+-------+-------+-------+-------+-------++-------
Melee: Short sword       |    66 |       |    46 |    31 |    54 ||   197
       Quarterstaff      |    21 |    87 |    22 |       |    60 ||   190
       Staff             |       |    59 |    41 |    22 |    69 ||   191
       Punch             |       |       |       |     1 |     3 ||     4
       Kick              |       |       |       |       |    48 ||    48
       Long sword        |       |       |       |       |    51 ||    51
Throw: Throwing net      |       |       |       |     1 |     4 ||     5
 Cast: Sting             |     6 |    58 |   135 |    72 |    75 ||   346
       Poisonous Vapours |       |    52 |   116 |   133 |   373 ||   674
       Blink             |       |       |     3 |     7 |    14 ||    24
       Ignite Poison     |       |       |    10 |    63 |   206 ||   279
       Olgreb's Toxic Ra |       |       |       |    15 |    35 ||    50
       Shock             |       |       |       |    39 |    87 ||   126
       Foxfire           |       |       |       |     9 |     1 ||    10
Invok: Draw Destruction  |       |       |       |    28 |    17 ||    45
       Draw Summoning    |       |       |       |     8 |    17 ||    25
       Draw Escape       |       |       |       |     1 |       ||     1
       Stack Five        |       |       |       |       |     1 ||     1
       Draw Stack        |       |       |       |       |     2 ||     2
Evoke: Wand              |     3 |     9 |     3 |     8 |    17 ||    40
       Lightning rod     |       |       |       |     4 |    15 ||    19
       Phial of floods   |       |       |       |       |     3 ||     3
  Use: Scroll            |     1 |     8 |    13 |    10 |    11 ||    43
       Potion            |       |       |     1 |     1 |     5 ||     7
 Stab: Sleeping          |     6 |     2 |       |     1 |       ||     9
Armor: Robe              |     4 |    15 |     7 |     4 |    46 ||    76
Dodge: Dodged            |    55 |   152 |    87 |    80 |   531 ||   905
Block: Other             |     8 |    56 |    29 |    19 |   109 ||   221
       Reflection        |     1 |     2 |     8 |     4 |     6 ||    21
